 Dungeon Crawl Stone Soup version 0.24.0-1-gfbc8707122 (webtiles) character file.

Game seed: 8084879457654045956, levelgen mode: deterministic

2420 grindst0ne the Covered (level 9, -4/103 HPs)
             Began as a Gnoll Wanderer on Oct 28, 2019.
             Was a Follower of Okawaru.
             Slain by Duvessa
             ... wielding a +0 short sword
              (9 damage)
             ... on level 7 of the Dungeon.
             The game lasted 00:18:26 (6161 turns).

grindst0ne the Covered (Gnoll Wanderer)             Turns: 6161, Time: 00:18:27

Health: -4/103     AC: 24    Str: 15    XL:     9   Next: 48%
Magic:  15/15      EV:  2    Int: 14    God:    Okawaru [*.....]
Gold:   313        SH:  4    Dex: 20    Spells: 16/16 levels left

rFire    . . .     SeeInvis .   k - +0 war axe (venom)
rCold    . . .     Gourm    .   (no shield)
rNeg     + + +     Faith    .   (armour currently unavailable)
rPois    +         Spirit   .   (helmet currently unavailable)
rElec    .         Reflect  +   (cloak currently unavailable)
rCorr    .         Harm     .   (gloves currently unavailable)
MR       +....     NoTele   +   (boots currently unavailable)
Stlth    ++++......             q - +4 amulet of reflection
HPRegen  0.27/turn              e - +2 ring of dexterity
MPRegen  0.14/turn              t - ring of protection from magic

@: tree-form
A: distributed training, strong nose
a: Heroism, Renounce Religion


You were on level 7 of the Dungeon.
You worshipped Okawaru.
Okawaru was aware of your devotion.
You were hungry.
You were a tree.
You visited 2 branches of the dungeon, and saw 8 of its levels.
You also visited: Ossuary.

You collected 313 gold pieces.

Inventory:

Hand Weapons
 a - a +2 falchion
 k - a +0 war axe of venom (weapon)
 v - a +1 battleaxe of electrocution
 C - a +2 flail of draining
Armour
 o - a +0 scale mail of magic resistance (melded)
 p - a +0 cloak (melded)
Jewellery
 e - a +2 ring of dexterity (left branch)
 j - an uncursed ring of stealth {unknown}
 q - a +4 amulet of reflection (around neck)
 t - a ring of protection from magic (right branch)
 H - an uncursed amulet of the acrobat {unknown}
 I - a +6 ring of strength {unknown}
Wands
 m - a wand of scattershot (3)
 r - a wand of flame (14)
Scrolls
 b - 2 scrolls of teleportation
 i - 3 scrolls of remove curse {unknown}
 u - 2 scrolls of fear {unknown}
 w - 2 scrolls of amnesia {unknown}
 y - 2 scrolls of fog {unknown}
 A - a scroll of immolation {unknown}
 E - a scroll of vulnerability {unknown}
 F - 3 scrolls of random uselessness {unknown}
 G - a scroll of enchant armour {unknown}
Potions
 c - a potion of lignification
 d - a potion of resistance
 g - 2 potions of flight {unknown}
 l - a potion of mutation {unknown}
 n - 3 potions of agility
 s - 2 potions of heal wounds {unknown}
 x - a potion of ambrosia {unknown}
 B - 2 potions of haste
 D - a potion of cancellation {unknown}
Comestibles
 f - 10 rations


   Skills:
 + Level 6.3 Fighting
 + Level 4.2 Short Blades
 + Level 6.3 Long Blades
 + Level 4.2 Axes
 + Level 4.2 Maces & Flails
 + Level 4.2 Polearms
 + Level 4.2 Staves
 + Level 4.2 Slings
 + Level 5.0 Bows
 + Level 4.2 Crossbows
 + Level 4.2 Throwing
 + Level 6.3 Armour
 + Level 4.2 Dodging
 + Level 6.0 Stealth
 + Level 4.2 Shields
 + Level 4.2 Unarmed Combat
 + Level 4.2 Spellcasting
 + Level 3.4 Conjurations
 + Level 3.4 Hexes
 + Level 3.4 Charms
 + Level 3.4 Summonings
 + Level 3.4 Necromancy
 + Level 3.4 Translocations
 + Level 3.4 Transmutations
 + Level 3.4 Fire Magic
 + Level 3.4 Ice Magic
 + Level 3.4 Air Magic
 + Level 3.4 Earth Magic
 + Level 3.4 Poison Magic
 + Level 4.6 Invocations
 + Level 5.0 Evocations


You had 16 spell levels left.
You didn't know any spells.
Your spell library contained the following spells:

 Spells                   Type           Power        Failure   Level  Hunger
 Confusing Touch          Hex            ##....       4%          1    None
 Magic Dart               Conj           ##..         4%          1    None
 Blink                    Tloc           N/A          7%          2    ##.....
 Call Imp                 Summ           ##......     7%          2    ##.....
 Slow                     Hex            ##......     7%          2    ##.....
 Confuse                  Hex            ##......     14%         3    ###....
 Conjure Flame            Conj/Fire      ##......     14%         3    ###....
 Gell's Gravitas          Tloc           ##........   14%         3    ###....
 Mephitic Cloud           Conj/Pois/Air  ##......     14%         3    ###....
 Petrify                  Tmut/Erth      ##......     41%         4    ####...
 Metabolic Englaciation   Hex/Ice        ##........   77%         5    ######.
 Yara's Violent Unravell  Hex/Tmut       ##........   77%         5    ######.


Dungeon Overview and Level Annotations

Branches:
Dungeon (7/15)             Temple (1/1) D:6         Ossuary (visited)

Altars:
Ashenzari
Cheibriados
Dithmenos
Elyvilon
Fedhas
Gozag
Hepliaklqana
Kikubaaqudgha
Makhleb
Nemelex Xobeh
Okawaru
Qazlal
Ru
Sif Muna
Trog
Uskayaw
Vehumet
Wu Jian
Yredelemnul
Zin
The Shining One

Shops:
D:4 (

Annotations:
D:7 Duvessa


Innate Abilities, Weirdness & Mutations

Your experience applies equally to all skills.
((You have very sharp teeth.))
Your uncanny sense of smell can sniff out nearby items.


Message History

Duvessa is severely wounded.
Duvessa closely misses you. Duvessa hits you with a +0 short sword.
* * * LOW HITPOINT WARNING * * *
You hit Duvessa.
Duvessa looks as sick as possible!
Your punch misses Duvessa. Your bite misses Duvessa.
Duvessa is severely wounded.
Duvessa completely misses you. You block Duvessa's attack.
You barely miss Duvessa.
Duvessa is almost dead.
You are feeling hungry.
Duvessa hits you with a +0 short sword!
* * * LOW HITPOINT WARNING * * *
Duvessa barely misses you.
Really quaff the potion of lignification?
You turn into a tree.
Your +0 cloak melds into your body.
Your +0 scale mail of magic resistance melds into your body.
You feel less resistant to hostile enchantments.
Your roots penetrate the ground.
Duvessa hits you but does no damage. Duvessa hits you with a +0 short sword!
You die...

........(# #
#..........##.#
...........#.
............
..........
.........
########
#.....e.#
......<# #.# #♣#
######.###(# #†#
#...)(#####)####
###..)((....(..#
##..######.####
#####..### #.#
##.<.#..†.##
#.####
#..........#
#....##
#............#
####..##.#


You could see Duvessa (berserk).

Vanquished Creatures
  Sigmund (D:4)
  A hungry ghost (D:7)
  Eustachio (D:4)
  2 sky beasts
  A centaur (D:7)
  4 ogres
  2 bullfrogs (D:7)
  2 elf zombies (Ossuary)
  2 elf skeletons (D:6)
  Dowan (D:7)
  A scorpion (D:6)
  5 killer bees (D:7)
  2 howler monkeys
  2 centaur zombies
  An orc priest (D:2)
  A hound (D:6)
  2 orc wizards (D:3)
  2 human skeletons (D:6)
  2 iguanas
  3 worker ants
  A big kobold zombie (Ossuary)
  A hound zombie (Ossuary)
  3 mummies (Ossuary)
  A howler monkey skeleton (D:5)
  A worker ant zombie (D:7)
  3 gnolls (D:6)
  8 adders
  2 adder zombies
  2 worms
  3 dart slugs
  3 leopard geckos
  13 orcs
  7 bats
  7 giant cockroaches
  A goblin (D:1)
  7 hobgoblins
  5 jackals
  6 kobolds
  3 quokkas
  A frilled lizard (D:1)
  3 gnoll zombies (Ossuary)
  3 goblin zombies (Ossuary)
  5 hobgoblin zombies (Ossuary)
  2 jackal skeletons (D:5)
  3 jackal zombies (Ossuary)
  3 kobold zombies (Ossuary)
  An orc skeleton (D:6)
  2 orc zombies
  7 quokka zombies
  6 rats
  A rat zombie (Ossuary)
152 creatures vanquished.

Notes
Turn   | Place    | Note
-------+----------+-------------------------------------------
     0 | D:1      | grindst0ne the Gnoll Wanderer began the quest for the Orb.
     0 | D:1      | grindst0ne set off with the following items: a +2 falchion,
                  | a scroll of teleportation, a potion of lignification, a +0
                  | robe, a +0 dagger, a ration
     0 | D:1      | Reached XP level 1. HP: 20/20 MP: 2/2
   135 | D:1      | Reached XP level 2. HP: 26/26 MP: 3/3
   508 | D:1      | Reached XP level 3. HP: 23/31 MP: 4/4
   864 | D:2      | Reached skill level 1 in Short Blades
   864 | D:2      | Reached skill level 1 in Axes
   864 | D:2      | Reached skill level 1 in Maces & Flails
   864 | D:2      | Reached skill level 1 in Polearms
   864 | D:2      | Reached skill level 1 in Staves
   864 | D:2      | Reached skill level 1 in Slings
   864 | D:2      | Reached skill level 1 in Crossbows
   864 | D:2      | Reached skill level 1 in Throwing
   864 | D:2      | Reached skill level 1 in Dodging
   864 | D:2      | Reached skill level 1 in Shields
   864 | D:2      | Reached skill level 1 in Unarmed Combat
   864 | D:2      | Reached skill level 1 in Spellcasting
   864 | D:2      | Reached skill level 1 in Invocations
   864 | D:2      | Reached XP level 4. HP: 25/38 MP: 4/6
  1879 | D:3      | Reached skill level 1 in Conjurations
  1879 | D:3      | Reached skill level 1 in Hexes
  1879 | D:3      | Reached skill level 1 in Charms
  1879 | D:3      | Reached skill level 1 in Summonings
  1879 | D:3      | Reached skill level 1 in Necromancy
  1879 | D:3      | Reached skill level 1 in Translocations
  1879 | D:3      | Reached skill level 1 in Transmutations
  1879 | D:3      | Reached skill level 1 in Fire Magic
  1879 | D:3      | Reached skill level 1 in Ice Magic
  1879 | D:3      | Reached skill level 1 in Air Magic
  1879 | D:3      | Reached skill level 1 in Earth Magic
  1879 | D:3      | Reached skill level 1 in Poison Magic
  2174 | D:3      | Reached XP level 5. HP: 35/43 MP: 7/7
  2336 | D:4      | Noticed Eustachio
  2342 | D:4      | Killed Eustachio
  2342 | D:4      | Reached skill level 5 in Fighting
  2342 | D:4      | Reached skill level 5 in Long Blades
  2342 | D:4      | Reached skill level 5 in Armour
  2342 | D:4      | Reached XP level 6. HP: 39/51 MP: 7/9
  2609 | D:4      | Noticed Sigmund
  2616 | D:4      | Killed Sigmund
  2616 | D:4      | Reached XP level 7. HP: 50/56 MP: 10/10
  2638 | D:4      | Found Fuqouhasm's Antique Weapon Boutique.
  3057 | D:5      | Entered Level 5 of the Dungeon
  3121 | D:5      | Reached skill level 5 in Stealth
  3637 | D:6      | Reached XP level 8. HP: 63/63 MP: 12/12
  3944 | D:6      | Found a sand-covered staircase.
  3960 | Ossuary  | Entered an ossuary
  5135 | D:6      | Found a staircase to the Ecumenical Temple.
  5144 | Temple   | Entered the Ecumenical Temple
  5395 | Temple   | Became a worshipper of Warmaster Okawaru
  5665 | D:7      | Reached XP level 9. HP: 54/69 MP: 14/14
  5906 | D:7      | Reached * piety under Okawaru
  5943 | D:7      | Reached skill level 5 in Bows
  5943 | D:7      | Reached skill level 5 in Evocations
  6051 | D:7      | Noticed Dowan
  6126 | D:7      | Noticed Duvessa
  6145 | D:7      | Killed Dowan
  6160 | D:7      | HP: 3/69 [Duvessa/+0 short sword (17)]
  6161 | D:7      | Slain by Duvessa

Levels and vault maps discovered:
D:1:      lemuel_arrival_behind_the_door_small, layout_basic
D:2:      cheibrodos_pilgrimage, layout_basic, grunt_ministairs_10,
          minmay_misc_feat_doors, minivault_14, minmay_misc_feat_plants,
          minmay_misc_feat_roman
D:3:      layout_basic, first_ration
D:4:      layout_cave_pods, serial_shops, shop, minmay_starry_boxes,
          uniq_eustachio, uniq_sigmund
D:5:      layout_cave_pools
D:6:      layout_loops_corners, minmay_temple_entry_glassed_door,
          nicolae_ossuary_entry_catacombs
D:7:      layout_rooms, kennysheep_little_box, grunt_livestock, uniq_duvessa
Temple:   nicolae_temple_the_god_donut

Skill      XL: |  1  2  3  4  5  6  7  8  9 |
---------------+----------------------------+-----
Short Blades   | 1 2 3 4 |  4.2
Axes           | 1 2 3 4 |  4.2
Maces & Flails | 1 2 3 4 |  4.2
Polearms       | 1 2 3 4 |  4.2
Staves         | 1 2 3 4 |  4.2
Slings         | 1 2 3 4 |  4.2
Crossbows      | 1 2 3 4 |  4.2
Throwing       | 1 2 3 4 |  4.2
Dodging        | 1 2 3 4 |  4.2
Shields        | 1 2 3 4 |  4.2
Unarmed Combat | 1 2 3 4 |  4.2
Spellcasting   | 1 2 3 4 |  4.2
Invocations    | 1 2 3 4 |  4.6
Conjurations   | 1 2 3 |  3.4
Hexes          | 1 2 3 |  3.4
Charms         | 1 2 3 |  3.4
Summonings     | 1 2 3 |  3.4
Necromancy     | 1 2 3 |  3.4
Translocations | 1 2 3 |  3.4
Transmutations | 1 2 3 |  3.4
Fire Magic     | 1 2 3 |  3.4
Ice Magic      | 1 2 3 |  3.4
Air Magic      | 1 2 3 |  3.4
Earth Magic    | 1 2 3 |  3.4
Poison Magic   | 1 2 3 |  3.4
Bows           | 3 4 5 |  5.0
Evocations     | 3 4 5 |  5.0
Fighting       | 5 6 |  6.3
Long Blades    | 5 6 |  6.3
Armour         | 5 6 |  6.3
Stealth        | 5 6 |  6.0

Action                   |  1- 3 |  4- 6 |  7- 9 || total
-------------------------+-------+-------+-------++-------
Melee: Falchion          |    27 |       |       ||    27
       Bite              |     9 |     7 |    53 ||    69
       Dagger            |    57 |     1 |       ||    58
       War axe           |       |    97 |   363 ||   460
       Punch             |       |     1 |     6 ||     7
Evoke: Wand              |       |       |     1 ||     1
  Use: Potion            |     2 |       |     6 ||     8
       Scroll            |       |       |     4 ||     4
 Stab: Sleeping          |     2 |     3 |     9 ||    14
       Invisible         |     2 |       |       ||     2
  Eat: Chunk             |       |     6 |     5 ||    11
       Ration            |       |       |     3 ||     3
Armor: Ring mail         |    34 |       |       ||    34
       Robe              |     1 |       |       ||     1
       Skin              |     5 |       |     3 ||     8
       Scale mail        |       |    47 |   127 ||   174
Dodge: Dodged            |    59 |    53 |   216 ||   328
Block: Other             |       |     1 |    61 ||    62
       Rpst.: Falchion   |     7 |       |       ||     7
